 Dungeon Crawl Stone Soup version 0.31-a0-221-gbddc013574 (webtiles) character file.

Game seed: 6263420846559768119

618 qw the Chopper (level 7, -16/43 HPs)
             Began as a Gargoyle Fighter on July 4, 2023.
             Demolished by an ogre
             ... wielding a +0 giant club
              (25 damage)
             ... on level 5 of the Dungeon.
             The game lasted 00:02:02 (3702 turns).

qw the Chopper (Gargoyle Fighter)                   Turns: 3702, Time: 00:02:02

Health: -16/43     AC: 13    Str: 21 (22) XL:     7   Next: 45%
Magic:  7/7        EV:  9    Int:  7 (8)  God:
Gold:   133        SH: 10    Dex: 16 (17) Spells: 6/6 levels left

rFire   + . .        r - +1 war axe (vamp)
rCold   . . .        c - +0 buckler
rNeg    + + .        b - +0 scale mail
rPois   inf          a - +0 helmet
rElec   +            h - scarf {rC+ rF+}
rCorr   +            e - +0 pair of gloves of the Original Sin {+Blink rC- rCorr Dex+8}
SInv    .            (no boots)
Will    .....        l - amulet of reflection Stlth
                     g - ring of positive energy
HPRegen 0.27/turn    (no ring)
MPRegen 0.10/turn

%: reflection
@: no status effects
A: sickness immunity, AC +4, negative energy resistance 1, electricity
resistance, torment resistance 1, petrification resistance
a: Evoke Blink


You were on level 5 of the Dungeon.
You visited 1 branch of the dungeon, and saw 5 of its levels.

You collected 133 gold pieces.


Innate Abilities, Weirdness & Mutations

You are immune to sickness and miasma.
Your stone body is resilient. (AC +4)
You are immune to poison.
You resist negative energy. (rN+)
You are resistant to electric shocks. (rElec)
You are resistant to unholy torment.
You are immune to petrification.


   Skills:
 - Level 4.3 Fighting
 + Level 6.8 Axes
 - Level 3.2 Armour
 - Level 1.0 Dodging
 - Level 3.2 Shields


You had 6 spell levels left.
You didn't know any spells.
Your spell library was empty.

Inventory:

Hand Weapons
 i - a +1 war axe
 r - a +1 vampiric war axe (weapon)
 u - a +0 morningstar
Armour
 a - a +0 helmet (worn)
 b - a +0 scale mail (worn)
 c - a +0 buckler (worn)
 e - the +0 pair of gloves of the Original Sin (worn) {+Blink rC- rCorr Dex+8}
   (You acquired it on level 2 of the Dungeon)

   Dex:       It affects your dexterity (+8).
   rC:        It makes you vulnerable to cold.
   +Blink:    It lets you blink.
   rCorr:     It protects you from acid and corrosion.
 h - a scarf of resistance (worn)
 n - a +0 cloak
Jewellery
 g - a ring of positive energy (left hand)
 l - an amulet of reflection (around neck)
Scrolls
 f - 2 scrolls of identify
Potions
 d - a potion of might
 j - a potion of resistance
 k - a potion of haste
 m - a potion of lignification
 o - a potion of invisibility {unknown}
 q - a potion of curing
 t - a potion of magic

Dungeon Overview and Level Annotations

Branches:
Dungeon (5/15)
 Temple: D:4-7

Altars:
Fedhas
Wu Jian


Message History

Enter note: Done exploring.
(D) Dungeon
Where to? (* - list waypoints, Enter - D:4, ? - help)
What level of the Dungeon? (default 1, ? - help)
You see here a ball python corpse.
Things that are here:
a +0 orcbow; a +0 whip; 7 stones You see here a +0 short sword.
There is a stone staircase leading down here.
You climb downwards.
Found 5 stones.
Found a stone staircase leading down and a stone staircase leading up.
There is a stone staircase leading up here.
Waypoint 4 assigned to D:5.
There is a stone staircase leading up here.
f - 2 scrolls of identify (gained 1)
You open the door.
There is an open door here.
An orc comes into view. It is wielding a +0 whip.
The orc shouts!
You hear a shout!
Enter note: You closely miss the orc.
You block the orc's attack.
You hit the orc but do no damage. The orc barely misses you.
You slash the orc!
You kill the orc!
An ogre comes into view. It is wielding a +0 giant club.
You barely miss the ogre.
The ogre hits you with a +0 giant club!!
Ouch! That really hurt!
You hit the ogre but do no damage. The ogre hits you with a +0 giant club!
You completely miss the ogre. You slash the ogre!
The ogre is moderately wounded.
The ogre hits you with a +0 giant club!!
Ouch! That really hurt!
You die...

.......# .......#
..#....# ##
######.#....# ##..#
#...##.#....##....#
#...##.#....#.....#
#...##.#...........
#...##.####@O......
+...'......#)......
######...##.###.##......
.........#....#.# #.....
.#######.#..#.#.# ##...
+#.... #.#..#.#.# #.
.....# #.#..#.#.#
.....#+#.#..#.#.#
....<.....>.#.#.#


You could see an ogre.

Vanquished Creatures
  An ogre (D:4)
  A centaur (D:4)
  3 orc priests (D:3)
  2 hounds (D:4)
  Jessica (D:2)
  Terence (D:2)
  3 orc wizards
  Robin (D:2)
  4 adders
  3 gnolls (D:3)
  A worm (D:3)
  2 dart slugs
  8 orcs
  5 bats
  5 endoplasms
  4 giant cockroaches
  17 goblins
  7 hobgoblins
  3 jackals (D:1)
  2 quokkas
  7 ball pythons
  5 frilled lizards
  11 kobolds
  7 rats
  A spectral goblin (D:1)
105 creatures vanquished.

Notes
Turn   | Place    | Note
-------+----------+-------------------------------------------
     0 | D:1      | qw the Gargoyle Fighter began the quest for the Orb.
     0 | D:1      | Reached XP level 1. HP: 14/14 MP: 1/1
     0 | D:1      | 0 ||| qw: Version: 0.3-a-41-g9d075ac
     0 | D:1      | 0 ||| qw: Game counter: 817
     0 | D:1      | 0 ||| qw: Melee chars always use a shield: true
     0 | D:1      | 0 ||| qw: God list: Okawaru
     0 | D:1      | 0 ||| qw: Allow faded altars: false
     0 | D:1      | 0 ||| qw: Do Orc after clearing Dungeon:15 true
     0 | D:1      | 0 ||| qw: Do second Lair branch before Depths: true
     0 | D:1      | 0 ||| qw: Lair rune preference: random
     0 | D:1      | 0 ||| qw: Goals: Normal, Zot:1-4, Slime:5, God:TSO, Crypt,
                  | Tomb, Abyss, Pan, Hells, Win
     0 | D:1      | 0 ||| PLANNING D:1-11
    66 | D:1      | 66 ||| Stepping ~*~*~tactically~*~*~ (stealth).
    68 | D:1      | 68 ||| Stepping ~*~*~tactically~*~*~ (stealth).
    74 | D:1      | Reached skill level 2 in Axes
    76 | D:1      | 76 ||| Stepping ~*~*~tactically~*~*~ (stealth).
    98 | D:1      | Reached XP level 2. HP: 15/19 MP: 2/2
   329 | D:1      | Found a faded altar of an unknown god.
   332 | D:1      | 332 ||| Stepping ~*~*~tactically~*~*~ (water).
   344 | D:1      | Reached skill level 3 in Axes
   486 | D:1      | 486 ||| Stepping ~*~*~tactically~*~*~ (hiding).
   487 | D:1      | 487 ||| Stepping ~*~*~tactically~*~*~ (hiding).
   497 | D:1      | Reached XP level 3. HP: 19/23 MP: 3/3
   649 | D:1      | You fall into a shaft and drop 1 floor!
   669 | D:2      | 669 ||| Stepping ~*~*~tactically~*~*~ (hiding).
   670 | D:2      | 670 ||| Stepping ~*~*~tactically~*~*~ (hiding).
   671 | D:2      | 671 ||| Stepping ~*~*~tactically~*~*~ (hiding).
   820 | D:2      | 820 ||| UPGRADING to +0 cloak.
   825 | D:2      | 825 ||| DROPPING ring of wizardry.
   826 | D:2      | 826 ||| UPGRADING to ring of positive energy.
   827 | D:2      | 827 ||| READING 2 scrolls labelled LEUZXI UGEEXE.
   848 | D:2      | 848 ||| READING scroll labelled GIJOHU LEBAGY.
   849 | D:2      | 849 ||| READING scroll labelled NAUCSU PAUT.
   850 | D:2      | 850 ||| READING scroll labelled YZXICUGU CINIO.
   851 | D:2      | 851 ||| READING scroll labelled CACSIA LITIPE.
   852 | D:2      | 852 ||| DROPPING scroll of noise.
   865 | D:2      | Noticed Robin
   866 | D:2      | 866 ||| Stepping ~*~*~tactically~*~*~ (hiding).
   876 | D:2      | Killed Robin
   882 | D:2      | Reached XP level 4. HP: 23/28 MP: 4/4
   972 | D:1      | 972 ||| UPGRADING to +0 helmet.
  1051 | D:2      | Reached skill level 4 in Axes
  1143 | D:2      | 1143 ||| Stepping ~*~*~tactically~*~*~ (stealth).
  1197 | D:2      | Noticed Jessica
  1205 | D:2      | Killed Jessica
  1259 | D:2      | Noticed Terence
  1260 | D:2      | 1260 ||| Stepping ~*~*~tactically~*~*~ (stealth).
  1273 | D:2      | Killed Terence
  1274 | D:2      | Reached XP level 5. HP: 12/32 MP: 5/5
  1639 | D:2      | 1639 ||| UPGRADING to scarf of resistance.
  1649 | D:2      | 1649 ||| READING scroll labelled UFURAYH CIHEOG.
  1649 | D:2      | Identified a scroll of acquirement
  1649 | D:2      | 1649 ||| ACQUIRING +0 pair of gloves of the Original Sin
                  | {+Blink rC- rCorr Dex+8}
  1649 | D:2      | Acquired the +0 pair of gloves of the Original Sin {+Blink
                  | rC- rCorr Dex+8}
  1651 | D:2      | 1651 ||| UPGRADING to +0 pair of gloves of the Original Sin
                  | {+Blink rC- rCorr Dex+8}.
  1656 | D:2      | 1656 ||| READING 2 scrolls of identify.
  1656 | D:2      | 1656 ||| IDENTIFYING grey potion
  1687 | D:3      | 1687 ||| FLEEEEING.
  1688 | D:3      | 1688 ||| STAIRDANCE
  1711 | D:2      | Reached skill level 1 in Dodging
  1778 | D:3      | Reached skill level 5 in Axes
  1796 | D:3      | HP: 8/32 [gnoll/+0 spear (2)]
  1803 | D:3      | Reached XP level 6. HP: 12/38 MP: 6/6
  1975 | D:3      | 1975 ||| Stepping ~*~*~tactically~*~*~ (hiding).
  2045 | D:3      | 2045 ||| DROPPING +0 whip.
  2046 | D:3      | 2046 ||| DROPPING +0 flail.
  2112 | D:3      | 2112 ||| Stepping ~*~*~tactically~*~*~ (stealth).
  2138 | D:3      | 2138 ||| READING scroll of acquirement.
  2138 | D:3      | 2138 ||| ACQUIRING +1 vampiric war axe
  2138 | D:3      | Acquired a +1 vampiric war axe
  2140 | D:3      | 2140 ||| SWAPPING to +1 vampiric war axe.
  2148 | D:3      | 2148 ||| Stepping ~*~*~tactically~*~*~ (stealth).
  2342 | D:3      | 2342 ||| Stepping ~*~*~tactically~*~*~ (stealth).
  2375 | D:3      | 2375 ||| Stepping ~*~*~tactically~*~*~ (hiding).
  2447 | D:3      | 2447 ||| DROPPING +1 flail of protection.
  2633 | D:3      | 2633 ||| UPGRADING to amulet of reflection.
  2638 | D:3      | 2638 ||| READING scroll labelled MAUPLI OGUEM.
  2639 | D:3      | 2639 ||| READING scroll labelled LUKUMPEACK.
  2640 | D:3      | 2640 ||| READING scroll labelled SUTHICS WADA.
  2645 | D:3      | 2645 ||| DRINKING 2 sedimented amethyst potions.
  2670 | D:3      | 2670 ||| DRINKING 2 bubbling green potions.
  2671 | D:3      | 2671 ||| READING 4 scrolls of identify.
  2671 | D:3      | 2671 ||| IDENTIFYING inky potion
  2672 | D:3      | 2672 ||| READING 3 scrolls of identify.
  2672 | D:3      | 2672 ||| IDENTIFYING fizzy grey potion
  2673 | D:3      | 2673 ||| READING 2 scrolls of identify.
  2673 | D:3      | 2673 ||| IDENTIFYING viscous sapphire potion
  2674 | D:3      | 2674 ||| DROPPING potion of degeneration.
  2739 | D:4      | 2739 ||| Stepping ~*~*~tactically~*~*~ (stealth).
  2753 | D:4      | Reached skill level 6 in Axes
  2753 | D:4      | Reached XP level 7. HP: 40/43 MP: 7/7
  2841 | D:4      | 2841 ||| Stepping ~*~*~tactically~*~*~ (hiding).
  2855 | D:4      | 2855 ||| Stepping ~*~*~tactically~*~*~ (hiding).
  2911 | D:4      | Found an ornate altar of the Wu Jian Council.
  2924 | D:4      | Found a blossoming altar of Fedhas.
  2961 | D:4      | 2961 ||| Stepping ~*~*~tactically~*~*~ (hiding).
  2962 | D:4      | 2962 ||| Stepping ~*~*~tactically~*~*~ (hiding).
  2975 | D:4      | 2975 ||| Stepping ~*~*~tactically~*~*~ (stealth).
  3393 | D:4      | 3393 ||| Stepping ~*~*~tactically~*~*~ (stealth).
  3659 | D:5      | Entered Level 5 of the Dungeon
  3700 | D:5      | HP: 8/43 [ogre/+0 giant club (7)]
  3702 | D:5      | Demolished by an ogre

Levels and vault maps discovered:
D:1:      tarquinn_simple_flora_water_e, layout_loops_ring,
          dreamdust_ecumenical_altar_drowned_temple
D:2:      layout_loops_ring, minmay_misc_feat_five, uniq_robin, uniq_terence,
          uniq_jessica
D:3:      layout_loops_ring, minmay_cut_off
D:4:      layout_basic, fedhas_altar_2, nzn_wu_jian_contemplation
D:5:      kennysheep_spiral_hall, layout_basic,
          nicolae_qazlal_beasts_of_the_sky, lemuel_crystal_altar,
          nicolae_nh_ransacked_shop

Skill      XL: |  1  2  3  4  5  6 |
---------------+-------------------+-----
Axes           | 2 3 4 5 6 |  6.8
Dodging        | 1 |  1.0
Fighting       | 4 |  4.3
Armour         | |  3.2
Shields        | |  3.2

Action                     |  1- 3 |  4- 6 |  7- 9 || total
---------------------------+-------+-------+-------++-------
  Melee: War axe           |   109 |   160 |    54 ||   323
    Use: Scroll            |     5 |     9 |       ||    14
         Potion            |       |     2 |       ||     2
   Stab: Distracted        |       |       |     1 ||     1
 Armour: Scale mail        |    63 |    75 |    17 ||   155
  Dodge: Dodged            |    46 |    57 |    19 ||   122
  Block: Buckler           |    19 |    35 |    21 ||    75
         Reflection        |       |       |     1 ||     1

Table legend:
 A = Non-vault XP
 B = Vault XP
 C = Vault XP percentage of total XP
 D = Non-vault monster count
 E = Vault monster count
 F = Vault count percentage of total count
                 A         B        C        D         E       F
            +---------+---------+-------+---------+---------+-------
      Total |     759 |     124 |  14.0 |      89 |      16 |  15.2
            +---------+---------+-------+---------+---------+-------
        D:1 |      40 |       1 |   2.4 |      25 |       1 |   3.8
        D:2 |      90 |     103 |  53.4 |      20 |      11 |  35.5
        D:3 |     278 |      20 |   6.7 |      25 |       4 |  13.8
        D:4 |     348 |       0 |   0.0 |      18 |       0 |   0.0
        D:5 |       3 |       0 |   0.0 |       1 |       0 |   0.0
            +---------+---------+-------+---------+---------+-------
